[Event "Titled Tuesday Blitz June 27 Early 2023"]
[White "Rosenberg, Evan S"]
[Black "Jaskolka, Tomasz"]
[WhiteFideId "2019299"]
[BlackFideId "1170791"]
[WhiteElo "2335"]
[BlackElo "2614"]
[Result "0-1"]
[Round "2"]
[TimeControl "180+2"]
[Date "2023.06.27"]
[WhiteClock "0:00:01"]
[BlackClock "0:00:14"]
[Board "122"]

1. d4 d5 2. Nf3 c6 3. c4 Nf6 4. cxd5 cxd5 5. Nc3 Nc6 6. Bf4 Bf5 7. Qb3 e6 8. a3 Qd7 9. e3 Bd6 10. Bb5 Bxf4 11. exf4 O-O 12. Qa4 Rfc8 13. Ne5 Qd6 14. Bxc6 bxc6 15. b4 a5 16. O-O Qc7 17. Rfc1 Qb6 18. b5 cxb5 19. Nxb5 Rcb8 20. Nc7 Ra7 21. Nd7 Nxd7 22. Qxd7 Qxd4 23. Rd1 Qb6 24. Rac1 h5 25. h3 h4 26. Rc6 Qb3 27. Rdc1 Bg6 28. Qd6 Qb2 29. Na6 Re8 30. Nc7 Rf8 31. Rb6 Qxc1+ 32. Kh2 Qxc7 0-1


[Site "https://www.chess.com"]

[Event "Titled Tuesday Blitz June 27 Early 2023"]
[White "robertoalejandro10"]
[Black "Acikel, Mert"]
[BlackFideId "12956465"]
[WhiteElo "2609"]
[BlackElo "2274"]
[Result "1-0"]
[Round "2"]
[TimeControl "180+2"]
[Date "2023.06.27"]
[WhiteClock "0:00:57"]
[BlackClock "0:00:01"]
[Board "123"]

1. Nf3 d5 2. b3 Nf6 3. Bb2 e6 4. g3 Be7 5. Bg2 O-O 6. O-O c5 7. e3 Nc6 8. Qe2 b6 9. c4 Bb7 10. Rd1 dxc4 11. bxc4 Qc7 12. Nc3 a6 13. d3 Rfd8 14. Rab1 Rac8 15. Ba1 Na5 16. Qb2 Rd6 17. Na4 Bc6 18. Qc2 Bxa4 19. Qxa4 Rdd8 20. Bc3 Qc6 21. Qxc6 Nxc6 22. Rxb6 a5 23. Rb5 Nb4 24. Ne5 Rb8 25. Bxb4 Rxb5 26. cxb5 axb4 27. Nc6 Rd7 28. Nxe7+ Rxe7 29. b6 Nd5 30. Bxd5 exd5 31. Rc1 h6 32. Rxc5 Rb7 33. Rb5 Kf8 34. Rxb4 Ke7 35. a4 Kd6 36. a5 1-0


[Site "https://www.chess.com"]

[Event "Titled Tuesday Blitz June 27 Early 2023"]
[White "Rodriguez Santiago, Jaime"]
[Black "ATM622"]
[WhiteFideId "3100898"]
[WhiteElo "2273"]
[BlackElo "2608"]
[Result "0-1"]
[Round "2"]
[TimeControl "180+2"]
[Date "2023.06.27"]
[WhiteClock "0:00:54"]
[BlackClock "0:00:48"]
[Board "124"]

1. c4 e5 2. Nc3 f5 3. g3 Nf6 4. Bg2 g6 5. d3 Bg7 6. e4 O-O 7. Nge2 d6 8. O-O Nbd7 9. Be3 Re8 10. h3 Nf8 11. Nd5 c6 12. Nxf6+ Bxf6 13. Rb1 Ne6 14. b4 Nd4 15. Nxd4 exd4 16. Bd2 fxe4 17. dxe4 Be6 18. Qc2 b5 19. cxb5 cxb5 20. Rfd1 Rc8 21. Qd3 Bc4 22. Qf3 Rf8 23. Qg4 Qe7 24. f4 Bd3 25. Rbc1 Rc4 26. e5 Rxc1 27. Rxc1 dxe5 28. fxe5 Bxe5 29. Bh6 Re8 30. Bd5+ Kh8 31. Rc8 Bf5 32. Qg5 Bxc8 0-1


[Site "https://www.chess.com"]

[Event "Titled Tuesday Blitz June 27 Early 2023"]
[White "Gubajdullin, Alexei"]
[Black "Vianello, Enrico"]
[WhiteFideId "4141202"]
[BlackFideId "810738"]
[WhiteElo "2592"]
[BlackElo "2167"]
[Result "1-0"]
[Round "2"]
[TimeControl "180+2"]
[Date "2023.06.27"]
[WhiteClock "0:00:18"]
[BlackClock "0:00:00"]
[Board "125"]

1. d4 d5 2. Nf3 Nc6 3. Bf4 Bg4 4. Nbd2 e6 5. e3 Bd6 6. Bg3 Nge7 7. c4 f5 8. c5 Bxg3 9. hxg3 O-O 10. Qa4 Ng6 11. Bb5 Bxf3 12. gxf3 Nce7 13. f4 c6 14. Bd3 Nh8 15. Nf3 Nf7 16. b4 a6 17. Qc2 b5 18. cxb6 Qxb6 19. Qc5 Qxc5 20. bxc5 Rfb8 21. Kd2 h6 22. Rhb1 a5 23. Rxb8+ Rxb8 24. Rb1 Rxb1 25. Bxb1 Kf8 26. Kc3 Nd8 27. Kb3 Ke8 28. Ka4 Nb7 29. Bd3 Kd7 30. Ba6 Kc7 31. Bxb7 Kxb7 32. Kxa5 Ng8 33. Ne5 Nf6 34. Nf7 Kc7 35. f3 Nh5 36. g4 Nf6 37. g5 Ng8 38. gxh6 gxh6 39. Kb4 Ne7 40. Nxh6 Ng6 41. Nf7 Nh4 42. Ng5 Ng2 43. Nxe6+ Kd7 44. Ng7 Nxe3 45. a4 Kc7 46. a5 Kb7 47. Ne6 Nc2+ 48. Kc3 Ne3 49. Nd8+ Ka6 50. Nxc6 Kb5 51. Kd3 Ng2 52. Ne7 Nxf4+ 53. Kd2 Ne6 54. Kc3 f4 55. Nxd5 Kxa5 56. c6 Ka6 57. Kc4 Ka7 58. Kb5 Nxd4+ 59. Kc5 1-0


[Site "https://www.chess.com"]

[Event "Titled Tuesday Blitz June 27 Early 2023"]
[White "Oparin, Grigoriy"]
[Black "Balint, Vilmos"]
[WhiteFideId "24125890"]
[BlackFideId "718050"]
[WhiteElo "3026"]
[BlackElo "2213"]
[Result "1-0"]
[Round "2"]
[TimeControl "180+2"]
[Date "2023.06.27"]
[WhiteClock "0:01:38"]
[BlackClock "0:00:44"]
[Board "126"]

1. e4 e6 2. d4 d5 3. Nc3 Bb4 4. Ne2 dxe4 5. a3 Be7 6. g4 b6 7. Bg2 Bb7 8. Nxe4 Qc8 9. N2g3 Nf6 10. Qe2 Nxe4 11. Nxe4 Nd7 12. O-O Nf6 13. f3 h5 14. g5 Nxe4 15. fxe4 Qd7 16. c3 f6 17. g6 O-O-O 18. b4 f5 19. Bf4 fxe4 20. Bxe4 Bxe4 21. Qxe4 Qd5 22. Rae1 Kd7 23. Be5 Rh6 24. Qd3 Bf6 25. c4 Qc6 26. b5 Qb7 27. Bxf6 gxf6 28. Rxf6 Rg8 29. Rexe6 Qc8 30. Qf5 Kd8 31. Rf8+ Rxf8 32. Qxf8+ Kd7 33. Qe7# 1-0


[Site "https://www.chess.com"]

[Event "Titled Tuesday Blitz June 27 Early 2023"]
[White "Bochnicka, Vladimir"]
[Black "Korobov, Anton"]
[WhiteFideId "14943450"]
[BlackFideId "14105730"]
[WhiteElo "2422"]
[BlackElo "2991"]
[Result "0-1"]
[Round "2"]
[TimeControl "180+2"]
[Date "2023.06.27"]
[WhiteClock "0:00:03"]
[BlackClock "0:01:04"]
[Board "127"]

1. e4 c5 2. Nf3 d6 3. d4 cxd4 4. Nxd4 Nf6 5. Nc3 a6 6. f3 Qb6 7. Bc4 Nc6 8. Be3 Qxb2 9. Nde2 Qb4 10. Bb3 e6 11. O-O Qa5 12. Na4 Nd7 13. f4 b5 14. Nb2 Qc7 15. Nd3 Be7 16. Kh1 O-O 17. Qe1 Nc5 18. Nxc5 dxc5 19. c3 Bb7 20. Bc2 Rad8 21. e5 Na5 22. Qg3 Nc4 23. Bc1 f5 24. exf6 Bxf6 25. a4 Nd2 26. Rg1 b4 27. Qh3 g6 28. Qxe6+ Kh8 29. Ra2 Rde8 30. Qh3 b3 31. Bxg6 bxa2 32. Bxd2 Rxe2 0-1


[Site "https://www.chess.com"]

[Event "Titled Tuesday Blitz June 27 Early 2023"]
[White "Steinberg, Nitzan"]
[Black "Large, Peter G"]
[WhiteFideId "2801795"]
[BlackFideId "400866"]
[WhiteElo "2886"]
[BlackElo "2419"]
[Result "1-0"]
[Round "2"]
[TimeControl "180+2"]
[Date "2023.06.27"]
[WhiteClock "0:01:18"]
[BlackClock "0:00:00"]
[Board "128"]

1. Nf3 Nf6 2. g3 b6 3. Bg2 Bb7 4. O-O e6 5. c4 c5 6. Nc3 a6 7. d4 cxd4 8. Nxd4 Bxg2 9. Kxg2 Qc8 10. b3 Be7 11. e4 d6 12. Bb2 Nbd7 13. f4 Qb7 14. Qf3 O-O 15. Rae1 Rad8 16. g4 g6 17. g5 Nh5 18. Nde2 b5 19. cxb5 axb5 20. Ng3 Nxg3 21. hxg3 b4 22. Na4 Rc8 23. Re2 Nc5 24. Nxc5 Rxc5 25. Qg4 Rfc8 26. Qh3 e5 27. fxe5 Rc2 28. Qg4 Qa6 29. Ref2 Qxa2 30. e6 Qxb3 31. exf7+ Kf8 32. Ba1 Qxf7 33. Qxc8+ 1-0


[Site "https://www.chess.com"]

[Event "Titled Tuesday Blitz June 27 Early 2023"]
[White "Mekhitarian, Krikor Sevag"]
[Black "Srdanovic, Jovana"]
[WhiteFideId "2107660"]
[BlackFideId "954810"]
[WhiteElo "2848"]
[BlackElo "2419"]
[Result "1-0"]
[Round "2"]
[TimeControl "180+2"]
[Date "2023.06.27"]
[WhiteClock "0:00:17"]
[BlackClock "0:00:02"]
[Board "129"]

1. Nf3 d5 2. c4 c6 3. d4 Nf6 4. e3 Bf5 5. Nc3 e6 6. Nh4 Be4 7. f3 Bg6 8. Qb3 Qb6 9. Nxg6 hxg6 10. Bd2 Nbd7 11. O-O-O Rc8 12. Kb1 Bd6 13. h3 Nh5 14. Bd3 Ng3 15. Rhe1 O-O 16. Qc2 Qc7 17. Bc1 dxc4 18. Bxc4 b5 19. Bb3 a5 20. a4 b4 21. Ne4 Nxe4 22. fxe4 c5 23. e5 Be7 24. d5 Nxe5 25. Bc4 Nxc4 26. Qxc4 exd5 27. Rxd5 Qc6 28. b3 Rcd8 29. e4 Bh4 30. Red1 Rc8 31. Be3 Rfe8 32. e5 Bg3 33. Rxc5 Qb7 34. e6 fxe6 35. Rd2 Rxc5 36. Bxc5 Qf7 37. Bb6 Qf5+ 38. Qd3 Bf4 39. Rd1 Rf8 40. g4 Qg5 41. Qe4 e5 42. Bxa5 Rc8 43. Bxb4 Rb8 44. Ka2 Kh7 45. Bc3 Qh4 46. Qf3 Bg5 47. Bxe5 Re8 48. Bb2 Re3 49. Qf7 Rxh3 50. Qxg7# 1-0


[Site "https://www.chess.com"]

[Event "Titled Tuesday Blitz June 27 Early 2023"]
[White "Tsaruk, Maksim"]
[Black "Lima, Kleyton Alcantara"]
[WhiteFideId "13511173"]
[BlackFideId "22718397"]
[WhiteElo "2810"]
[BlackElo "2418"]
[Result "1-0"]
[Round "2"]
[TimeControl "180+2"]
[Date "2023.06.27"]
[WhiteClock "0:00:54"]
[BlackClock "0:00:13"]
[Board "130"]

1. Nf3 c5 2. g3 Nc6 3. Bg2 e5 4. d3 g6 5. O-O Bg7 6. Nbd2 d6 7. e4 Nge7 8. a4 O-O 9. Nc4 h6 10. Bd2 Be6 11. Qc1 Kh7 12. h4 Qd7 13. Re1 Nd4 14. Nxd4 cxd4 15. Bb4 Nc8 16. b3 f5 17. exf5 gxf5 18. f4 Bxc4 19. bxc4 Rf7 20. Bd5 Re7 21. a5 a6 22. Qd1 Na7 23. Qh5 Nc6 24. Ba3 exf4 25. Be6 Qe8 26. Bxf5+ Kh8 27. Qxe8+ Raxe8 28. Rxe7 Rxe7 29. Bxd6 Re2 30. Bxf4 Rxc2 31. Re1 Kg8 32. h5 Kf7 33. Bg6+ Kf6 34. Re8 Ne7 35. Be5+ Kxe5 36. Rxe7+ Kf6 37. Rf7+ Kg5 38. Rxg7 Kg4 39. Be4+ Kh3 40. Bf5# 1-0


[Site "https://www.chess.com"]

[Event "Titled Tuesday Blitz June 27 Early 2023"]
[White "Remizov, Yaroslav"]
[Black "Rangel, Daniel"]
[WhiteFideId "34134015"]
[BlackFideId "2124475"]
[WhiteElo "2807"]
[BlackElo "2417"]
[Result "1-0"]
[Round "2"]
[TimeControl "180+2"]
[Date "2023.06.27"]
[WhiteClock "0:01:06"]
[BlackClock "0:00:14"]
[Board "131"]

1. d4 Nf6 2. c4 e6 3. Nf3 d5 4. Nc3 Be7 5. cxd5 exd5 6. Bg5 c6 7. e3 Nbd7 8. Bd3 Nh5 9. Bxe7 Qxe7 10. O-O O-O 11. Nd2 Nhf6 12. Qc2 Re8 13. Rae1 Nf8 14. e4 dxe4 15. Ndxe4 Nxe4 16. Bxe4 Qd8 17. d5 cxd5 18. Bxd5 Rb8 19. Rd1 Qf6 20. Nb5 Bf5 21. Qb3 a6 22. Nd6 Re7 23. Qb4 a5 24. Qxa5 Bg6 25. Qb4 b6 26. Nb5 Rd8 27. Nc3 Red7 28. Bb3 Rxd1 29. Rxd1 Rxd1+ 30. Nxd1 h5 31. Ne3 h4 32. h3 Nd7 33. Nd5 Qxb2 34. Ne7+ Kh8 35. Nxg6+ fxg6 36. Qxh4# 1-0


[Site "https://www.chess.com"]

[Event "Titled Tuesday Blitz June 27 Early 2023"]
[White "Ohanyan, Emin"]
[Black "Omariev, Maksim"]
[WhiteFideId "13312022"]
[BlackFideId "4193423"]
[WhiteElo "2804"]
[BlackElo "2417"]
[Result "1-0"]
[Round "2"]
[TimeControl "180+2"]
[Date "2023.06.27"]
[WhiteClock "0:00:22"]
[BlackClock "0:00:15"]
[Board "132"]

1. e4 c5 2. Nf3 d6 3. d4 cxd4 4. Nxd4 Nf6 5. Nc3 a6 6. Bc4 e6 7. Bb3 b5 8. f4 b4 9. Na4 Nxe4 10. O-O d5 11. f5 Be7 12. fxe6 Bxe6 13. Nxe6 fxe6 14. Qh5+ Kd7 15. Bxd5 Nf6 16. Rxf6 Bxf6 17. Bxa8 Nc6 18. Be3 Nd4 19. Rd1 e5 20. Bxd4 exd4 21. Nc5+ Kc8 22. Qf7 Qc7 23. Bb7+ Kb8 24. Nxa6+ 1-0


[Site "https://www.chess.com"]

[Event "Titled Tuesday Blitz June 27 Early 2023"]
[White "Lacasa Diaz, Jose Antonio"]
[Black "Rahman, Masruri"]
[WhiteFideId "2203375"]
[BlackFideId "7101163"]
[WhiteElo "2416"]
[BlackElo "2804"]
[Result "1-0"]
[Round "2"]
[TimeControl "180+2"]
[Date "2023.06.27"]
[WhiteClock "0:00:37"]
[BlackClock "0:00:01"]
[Board "133"]

1. e4 e6 2. d4 d5 3. e5 c5 4. c3 Nc6 5. Nf3 Qb6 6. a3 Nh6 7. b4 cxd4 8. cxd4 Nf5 9. Be3 Nxe3 10. fxe3 g6 11. Bd3 Bh6 12. Qe2 O-O 13. O-O f6 14. exf6 Rxf6 15. Nc3 Qd8 16. b5 Ne7 17. Ne5 Bg7 18. a4 Bd7 19. e4 Rxf1+ 20. Rxf1 Bxe5 21. dxe5 Qb6+ 22. Kh1 Rf8 23. Rxf8+ Kxf8 24. Qf3+ Kg8 25. exd5 Qd4 26. d6 Nf5 27. Bxf5 gxf5 28. Qg3+ Kf7 29. h3 f4 30. Qg5 Qxc3 31. Qf6+ Kg8 32. Qd8+ Kg7 33. Qxd7+ Kh8 34. Qe8+ Kg7 35. Qe7+ Kg8 36. Qxe6+ Kh8 37. Qf6+ 1-0


[Site "https://www.chess.com"]

[Event "Titled Tuesday Blitz June 27 Early 2023"]
[White "Gulkov, Igor A."]
[Black "Priasmoro, Novendra"]
[WhiteFideId "4120973"]
[BlackFideId "7105029"]
[WhiteElo "2415"]
[BlackElo "2744"]
[Result "0-1"]
[Round "2"]
[TimeControl "180+2"]
[Date "2023.06.27"]
[WhiteClock "0:00:52"]
[BlackClock "0:00:37"]
[Board "134"]

1. Nf3 Nf6 2. c4 e6 3. Nc3 d5 4. d4 Be7 5. Bg5 O-O 6. e3 Nbd7 7. Rc1 h6 8. Bh4 c6 9. Bd3 b6 10. O-O Bb7 11. cxd5 cxd5 12. Qe2 a6 13. Rc2 b5 14. Rfc1 Qb6 15. Ne5 Rfd8 16. f4 Nf8 17. Nb1 Rac8 18. Rxc8 Rxc8 19. Rxc8 Bxc8 20. Qc2 Bb7 21. Nd2 Bd8 22. Nb3 Ne4 23. Bxd8 Qxd8 24. Nc5 Nxc5 25. Qxc5 f6 26. Ng6 Nxg6 27. Bxg6 Qc8 28. Qxc8+ Bxc8 29. b4 Kf8 30. Kf2 Ke7 31. h4 Kd6 32. g4 e5 33. Kg3 exd4 34. exd4 Kc6 35. g5 Kb6 36. gxf6 gxf6 37. f5 a5 38. a3 axb4 39. axb4 Kc6 40. Kg4 Kd6 41. Kh5 Ke7 42. Kxh6 Kf8 43. Kh5 Kg7 44. Be8 Bxf5 45. Bxb5 Bh3 46. Bc6 Bg2 47. b5 Bf3# 0-1


[Site "https://www.chess.com"]

[Event "Titled Tuesday Blitz June 27 Early 2023"]
[White "Klukin, Kirill"]
[Black "Gatterer, Florian"]
[WhiteFideId "24199273"]
[BlackFideId "811688"]
[WhiteElo "2729"]
[BlackElo "2414"]
[Result "1-0"]
[Round "2"]
[TimeControl "180+2"]
[Date "2023.06.27"]
[WhiteClock "0:00:21"]
[BlackClock "0:00:00"]
[Board "135"]

1. f4 d5 2. Nf3 g6 3. g3 Bg7 4. Bg2 Nf6 5. O-O O-O 6. d3 c5 7. Nc3 d4 8. Na4 Qc7 9. c4 Bd7 10. a3 Bc6 11. b4 b6 12. bxc5 bxc5 13. Nxc5 Ng4 14. Nb3 Ne3 15. Bxe3 dxe3 16. Rb1 Nd7 17. Nbd4 Rad8 18. Nxc6 Qxc6 19. Ne5 Qc5 20. Nc6 Rde8 21. Rb7 Nf6 22. Qa4 Ng4 23. Qxa7 Qh5 24. h4 Ra8 25. Qb6 Rxa3 26. Nxe7+ Kh8 27. Bf3 f5 28. Rb8 Qh6 29. Bxg4 fxg4 30. Rxf8+ Bxf8 31. Qd4+ Bg7 32. Qd8+ Bf8 33. Rb1 Qg7 34. Rb8 Ra1+ 35. Kg2 Re1 36. Qxf8+ Qxf8 37. Rxf8+ Kg7 38. Rb8 Rxe2+ 39. Kf1 Rd2 40. Nd5 Rxd3 41. Rb7+ Kh6 42. Nf6 g5 43. f5 gxh4 44. gxh4 e2+ 45. Kxe2 Rd7 46. Rxd7 1-0


[Site "https://www.chess.com"]

[Event "Titled Tuesday Blitz June 27 Early 2023"]
[White "Dinu, Dumitru-Daniel"]
[Black "Boruchovsky, Avital"]
[WhiteFideId "1208403"]
[BlackFideId "2800055"]
[WhiteElo "2414"]
[BlackElo "2723"]
[Result "0-1"]
[Round "2"]
[TimeControl "180+2"]
[Date "2023.06.27"]
[WhiteClock "0:00:00"]
[BlackClock "0:00:06"]
[Board "136"]

1. e4 c6 2. Ne2 d5 3. e5 Nd7 4. d4 g6 5. h4 f6 6. h5 fxe5 7. hxg6 Ngf6 8. gxh7 e6 9. Ng3 Qb6 10. c3 c5 11. dxe5 Nxe5 12. Nh5 Be7 13. Bg5 Nxh5 14. Qxh5+ Nf7 15. Bd3 Bxg5 16. Bg6 Qxb2 17. Qxg5 Bd7 18. Qf6 Qc1+ 19. Ke2 Bb5+ 20. Kf3 Qxh1 21. Qxh8+ Ke7 22. Qg7 Rf8 23. Kg3 Qh6 24. Qxh6 Nxh6 25. Na3 Kf6 26. Nxb5 Kxg6 27. Nc7 Nf5+ 28. Kh3 Ng7 29. g3 Kxh7 30. Re1 Rxf2 31. Nxe6 Rxa2 32. Nxc5 Rc2 33. Re7 Rxc3 34. Ne6 Kg6 35. Rd7 Kf6 36. Nxg7 d4 37. Ne8+ Ke5 38. Re7+ Kd5 39. Nf6+ Kc4 40. Rd7 Kb3 41. Rxd4 b5 42. Rd7 b4 43. Rb7 a5 44. Nd5 Rc5 45. Ne3 a4 46. Ra7 a3 47. g4 a2 48. Kh4 Rc1 49. Rxa2 Kxa2 50. g5 Rh1+ 51. Kg4 b3 52. Nc4 Rc1 53. Nd2 b2 54. g6 Rg1+ 55. Kf5 Rg2 56. Ne4 Kb3 57. Nc5+ Ka3 0-1


[Site "https://www.chess.com"]

[Event "Titled Tuesday Blitz June 27 Early 2023"]
[White "Mateus, Alejandro"]
[Black "Cherniaiev, Tykhon"]
[WhiteFideId "4402529"]
[BlackFideId "14182360"]
[WhiteElo "2412"]
[BlackElo "2703"]
[Result "0-1"]
[Round "2"]
[TimeControl "180+2"]
[Date "2023.06.27"]
[WhiteClock "0:00:00"]
[BlackClock "0:00:14"]
[Board "137"]

1. e4 e5 2. Nf3 Nc6 3. Bb5 Nge7 4. O-O Ng6 5. d4 exd4 6. Nxd4 Nxd4 7. Qxd4 c6 8. Ba4 Qb6 9. Be3 Qxd4 10. Bxd4 b5 11. Bb3 Bb7 12. c4 c5 13. Bc3 b4 14. Bd2 Be7 15. Re1 O-O 16. a3 a5 17. f3 Bf6 18. Bc1 Ne5 19. Rd1 a4 20. Bc2 Nxc4 21. axb4 a3 22. Nxa3 cxb4 23. Nxc4 Rxa1 24. e5 Be7 25. b3 Bc5+ 26. Kf1 Re8 27. f4 Ba6 28. Bd3 f6 29. exf6 gxf6 30. Be2 Ra2 0-1


[Site "https://www.chess.com"]

[Event "Titled Tuesday Blitz June 27 Early 2023"]
[White "Petrosian, Karlen"]
[Black "Mrudul Dehankar"]
[WhiteFideId "4176146"]
[BlackFideId "25096990"]
[WhiteElo "2694"]
[BlackElo "2411"]
[Result "1-0"]
[Round "2"]
[TimeControl "180+2"]
[Date "2023.06.27"]
[WhiteClock "0:01:45"]
[BlackClock "0:00:03"]
[Board "138"]

1. e4 c6 2. Nf3 d5 3. d3 dxe4 4. dxe4 Qxd1+ 5. Kxd1 Bg4 6. Be2 Nd7 7. Nfd2 Bxe2+ 8. Kxe2 e5 9. f3 Nb6 10. a4 a5 11. Nb3 Nf6 12. Bd2 Nc4 13. Bc3 Bb4 14. N1d2 Nxd2 15. Bxd2 Nd7 16. c3 Bd6 17. Be3 Kd8 18. Rhd1 Kc7 19. Rd3 Rhd8 20. Rad1 Be7 21. g3 b5 22. Ra1 b4 23. Rad1 Nb6 24. Bxb6+ Kxb6 25. Rxd8 Rxd8 26. Rxd8 Bxd8 27. c4 Be7 28. Kd3 Bd6 29. Nc1 Bc5 30. b3 Bg1 31. h3 Bf2 32. g4 Kc5 33. Ne2 f6 34. f4 exf4 35. Nxf4 Kd6 36. Nh5 g6 37. Nxf6 Bh4 38. Nxh7 Ke5 39. Ke3 Be7 40. g5 Bc5+ 41. Kf3 Be7 42. h4 Kd4 43. h5 gxh5 44. g6 Kc3 45. g7 Kxb3 46. g8=Q Bc5 47. Qe6 Ka2 48. Qxc6 Bd4 49. Qd5 b3 50. Qxd4 1-0


[Site "https://www.chess.com"]

[Event "Titled Tuesday Blitz June 27 Early 2023"]
[White "Di Benedetto, Edoardo"]
[Black "Kopczynski, Michal"]
[WhiteFideId "875740"]
[BlackFideId "1124200"]
[WhiteElo "2689"]
[BlackElo "2410"]
[Result "1-0"]
[Round "2"]
[TimeControl "180+2"]
[Date "2023.06.27"]
[WhiteClock "0:00:25"]
[BlackClock "0:00:19"]
[Board "139"]

1. d4 Nf6 2. c4 g6 3. g3 Bg7 4. Bg2 d6 5. Nf3 O-O 6. O-O Nfd7 7. Nc3 Nc6 8. e4 e5 9. Be3 h6 10. Qd2 Kh7 11. Rad1 f5 12. exf5 Rxf5 13. dxe5 Ndxe5 14. Nxe5 Nxe5 15. b3 Rh5 16. Bd4 Bh3 17. f4 Bxg2 18. Kxg2 Ng4 19. h3 Bxd4 20. hxg4 Bxc3 21. Qxc3 Rc5 22. Rfe1 Qd7 23. Qf6 Re8 24. Kf2 Ra5 25. a4 d5 26. Rxe8 Qxe8 27. Re1 Ra6 28. Re7+ 1-0


[Site "https://www.chess.com"]

[Event "Titled Tuesday Blitz June 27 Early 2023"]
[White "Mirzoev, Azer"]
[Black "Luukkonen, Tommi"]
[WhiteFideId "13400304"]
[BlackFideId "501808"]
[WhiteElo "2687"]
[BlackElo "2410"]
[Result "1-0"]
[Round "2"]
[TimeControl "180+2"]
[Date "2023.06.27"]
[WhiteClock "0:00:04"]
[BlackClock "0:00:00"]
[Board "140"]

1. c4 e5 2. Nc3 Bb4 3. e3 Bxc3 4. bxc3 d6 5. Ne2 Nc6 6. e4 Nge7 7. Ng3 O-O 8. d3 f5 9. exf5 Nxf5 10. Be2 Nxg3 11. hxg3 Qf6 12. Be3 b6 13. Bf3 Bb7 14. Bd5+ Rf7 15. Be4 g6 16. Bd5 Nd8 17. Bxf7+ Nxf7 18. f3 e4 19. dxe4 Qxc3+ 20. Kf2 Qxc4 21. Qe2 Qe6 22. Rac1 c5 23. g4 Ne5 24. Kg3 c4 25. Bd4 b5 26. Qe3 Rf8 27. Bxa7 Nd3 28. Rb1 Qe5+ 29. Kh4 Nf4 30. Qd2 g5+ 31. Kg3 Nd3+ 32. Kh3 Rf6 33. g3 Rxf3 34. Rhg1 Qf6 35. Rxb5 Bxe4 36. Qxg5+ Qxg5 37. Rxg5+ Kf7 38. Rh5 d5 39. Kh4 c3 40. Rh6 c2 41. Rc6 c1=Q 42. Rgxc1 Nxc1 43. Rxc1 Ra3 44. Bd4 Rxa2 45. Rc7+ Ke6 46. Rc6+ Kd7 47. Rb6 h6 48. g5 Rh2+ 49. Kg4 h5+ 50. Kf4 Rd2 51. Be3 1-0


[Site "https://www.chess.com"]

[Event "Titled Tuesday Blitz June 27 Early 2023"]
[White "Diaz Perez, Michel Alejandro"]
[Black "BenchGM"]
[WhiteFideId "3517179"]
[WhiteElo "2680"]
[BlackElo "2409"]
[Result "1-0"]
[Round "2"]
[TimeControl "180+2"]
[Date "2023.06.27"]
[WhiteClock "0:00:40"]
[BlackClock "0:00:00"]
[Board "141"]

1. Nf3 Nf6 2. c4 e6 3. e3 d5 4. Nc3 Be7 5. Qc2 O-O 6. b3 c5 7. cxd5 exd5 8. d4 Nc6 9. dxc5 Bxc5 10. Na4 Bb4+ 11. Bd2 Qa5 12. Bd3 Bg4 13. a3 Bxd2+ 14. Qxd2 Bxf3 15. gxf3 Qxd2+ 16. Kxd2 d4 17. e4 Nh5 18. Rhc1 Rac8 19. Nc5 Rc7 20. Bb5 Ne5 21. Nd3 Nxf3+ 22. Ke2 Rxc1 23. Rxc1 Ng5 24. f3 Ne6 25. Bd7 Nhf4+ 26. Kd2 Rd8 27. Nxf4 Nxf4 28. Rc7 Rb8 29. b4 Kf8 30. Bc8 Ne6 31. Bxe6 fxe6 32. f4 a5 33. b5 b6 34. Kd3 Rd8 35. Rc6 Kf7 36. Rxb6 Rc8 37. Rc6 Rb8 38. a4 g5 39. fxg5 e5 40. Rf6+ Kg7 41. Re6 1-0


[Site "https://www.chess.com"]

[Event "Titled Tuesday Blitz June 27 Early 2023"]
[White "dodoucb"]
[Black "Veiga, Jose Francisco R P Neves"]
[BlackFideId "1930087"]
[WhiteElo "2406"]
[BlackElo "2678"]
[Result "0-1"]
[Round "2"]
[TimeControl "180+2"]
[Date "2023.06.27"]
[WhiteClock "0:00:00"]
[BlackClock "0:00:51"]
[Board "142"]

1. d4 Nf6 2. Nf3 e6 3. c4 c5 4. d5 b5 5. Nc3 b4 6. Nb1 d6 7. Bg5 Be7 8. Bh4 O-O 9. dxe6 Bxe6 10. Nbd2 Nc6 11. e3 Ne5 12. Be2 Ng6 13. Bg3 d5 14. O-O a5 15. cxd5 Bxd5 16. Bc4 Qd7 17. Qe2 Rfd8 18. Rfd1 Qb7 19. h3 a4 20. Rac1 h6 21. Bxd5 Rxd5 22. e4 Rdd8 23. e5 Nd5 24. e6 f5 25. Ne5 Ndf4 26. Bxf4 Nxf4 27. Qf1 Bf6 28. Ndc4 Qe4 29. Nd7 Qxe6 30. Nxc5 Qe7 31. Nb6 Ne2+ 32. Kh1 Nxc1 33. Nxa8 Rxd1 34. Qxd1 Qxc5 0-1


[Site "https://www.chess.com"]

[Event "Titled Tuesday Blitz June 27 Early 2023"]
[White "Ai, Evan"]
[Black "Jakubowski, Krzysztof"]
[WhiteFideId "2094770"]
[BlackFideId "1112848"]
[WhiteElo "2405"]
[BlackElo "2621"]
[Result "1-0"]
[Round "2"]
[TimeControl "180+2"]
[Date "2023.06.27"]
[WhiteClock "0:00:58"]
[BlackClock "0:00:00"]
[Board "143"]

1. d4 Nf6 2. c4 e6 3. Nf3 b6 4. g3 Ba6 5. b3 Bb4+ 6. Bd2 Be7 7. Qc2 d5 8. Bg2 O-O 9. Bf4 c5 10. dxc5 bxc5 11. Nbd2 Nc6 12. a3 Nh5 13. O-O Nxf4 14. gxf4 d4 15. f5 Qc7 16. fxe6 fxe6 17. Qe4 Bb7 18. Qxe6+ Kh8 19. Ne4 Rae8 20. Ng3 Bf6 21. Qg4 Bc8 22. Qh5 g6 23. Qxc5 Be7 24. Qd5 Bb7 25. Nxd4 Nd8 26. Ne6 Qc8 27. Qd4+ Bf6 28. Qxa7 Bxg2 29. Nxf8 Re7 30. Qb6 Bxa1 31. Rxa1 Rf7 32. Nxg6+ hxg6 33. Qxg6 1-0


[Site "https://www.chess.com"]

[Event "Titled Tuesday Blitz June 27 Early 2023"]
[White "Komov, Roman"]
[Black "Szyszylo, Rafal"]
[WhiteFideId "24175714"]
[BlackFideId "1109626"]
[WhiteElo "2614"]
[BlackElo "2405"]
[Result "1-0"]
[Round "2"]
[TimeControl "180+2"]
[Date "2023.06.27"]
[WhiteClock "0:02:33"]
[BlackClock "0:00:00"]
[Board "144"]

1. e4 g6 2. d4 d6 3. Nf3 Nf6 4. Nc3 Bg7 5. Be3 O-O 6. Qd2 Bg4 7. Ng5 h6 8. h3 hxg5 9. hxg4 Nxg4 10. Bxg5 Nc6 11. f3 Nf6 12. Bh6 Nh5 13. Rxh5 Nxd4 14. Bxg7 Nxc2+ 15. Qxc2 Kxg7 16. Rh1 Rh8 17. Rxh8 Qxh8 18. O-O-O Qh6+ 19. Kb1 e6 20. Nb5 Rc8 21. Nxd6 1-0


[Site "https://www.chess.com"]

[Event "Titled Tuesday Blitz June 27 Early 2023"]
[White "Koepke, Christian"]
[Black "Al-Tarboush, Ward"]
[WhiteFideId "4655737"]
[BlackFideId "7601450"]
[WhiteElo "2404"]
[BlackElo "2611"]
[Result "0-1"]
[Round "2"]
[TimeControl "180+2"]
[Date "2023.06.27"]
[WhiteClock "0:00:02"]
[BlackClock "0:01:49"]
[Board "145"]

1. e4 c5 2. Nc3 Nc6 3. g3 e5 4. Bg2 d6 5. d3 g6 6. Be3 Bg7 7. Nh3 Nge7 8. f4 O-O 9. O-O f5 10. Qd2 fxe4 11. Nxe4 Bg4 12. Nhf2 Bf5 13. c3 d5 14. Nxc5 d4 15. cxd4 exd4 16. Bxd4 Qxd4 17. Rac1 Rad8 18. Nxb7 Rb8 19. Rxc6 Rxb7 20. Rc4 Rxb2 21. Qa5 Qb6 22. Qa3 Bd4 23. Rxd4 Qxd4 24. Qxe7 Bxd3 25. Bh3 Bf5 26. Bxf5 Rxf5 27. Qe8+ Kg7 28. Qe7+ Rf7 29. Qa3 Rc7 30. Qf3 Rcc2 31. f5 gxf5 32. Qxf5 h6 33. h4 Rxa2 34. h5 Rxf2 35. Rxf2 Qxf2+ 36. Qxf2 Rxf2 37. Kxf2 Kf6 38. Kf3 Kg5 39. g4 a5 40. Ke4 Kxg4 41. Kd5 Kxh5 42. Kc5 Kg4 43. Kb5 h5 44. Kxa5 h4 45. Kb4 h3 0-1


[Site "https://www.chess.com"]